 Dungeon Crawl Stone Soup version 0.24-a0-397-g73b976d855 (webtiles) character file.

Game seed: 14653484221756530656

1885 Laiders72 the Basher (level 8, 0/65 HPs)
             Began as a Demonspawn Berserker on June 4, 2019.
             Was an Elder of Trog.
             Killed by divine providence
             ... invoked by an orc priest
              (10 damage)
             ... on level 7 of the Dungeon.
             The game lasted 00:15:02 (6940 turns).

Laiders72 the Basher (Demonspawn Berserker)         Turns: 6940, Time: 00:15:02

Health: 0/65       AC:  7    Str: 21    XL:     8   Next: 92%
Magic:  8/8        EV:  8    Int:  8    God:    Trog [****..]
Gold:   345        SH: 12    Dex: 17    Spells: 7/7 levels left

rFire    . . .     SeeInvis .   F - +0 morningstar
rCold    . . .     Gourm    .   v - +2 shield
rNeg     + . .     Faith    .   l - +0 scale mail
rPois    .         Spirit   .   (no helmet)
rElec    .         Reflect  .   o - +0 cloak
rCorr    .         Harm     .   (no gloves)
MR       .....                  (no boots)
Stlth    +.........             (no amulet)
HPRegen  0.20/turn              y - ring "Zyifros" {+Inv rN+ Str+2 Dex+3}
MPRegen  0.11/turn              (no ring)

@: no status effects
A: hooves 2, nightstalker 1
a: Berserk, Trog's Hand, Brothers in Arms, Renounce Religion, Evoke Invisibility


You were on level 7 of the Dungeon.
You worshipped Trog.
Trog was greatly pleased with you.
You were not hungry.

You visited 1 branch of the dungeon, and saw 7 of its levels.

You collected 345 gold pieces.

Inventory:

Hand Weapons
 F - a +0 morningstar (weapon)
Missiles
 k - 3 boomerangs
 s - 12 javelins (quivered)
 w - 4 atropa-tipped darts
 z - a throwing net
Armour
 l - a +0 scale mail (worn)
 o - a +0 cloak (worn)
 v - a +2 shield (worn)
Jewellery
 y - the ring "Zyifros" (left hand) {+Inv rN+ Str+2 Dex+3}
   (You found it on level 5 of the Dungeon)

   [ring of strength]

   It affects your strength (+2).
   It affects your dexterity (+3).
   It protects you from negative energy.
   It lets you turn invisible.
 G - an uncursed ring of poison resistance {unknown}
Wands
 p - a wand of iceblast (7)
 u - a wand of enslavement (7)
 B - a wand of random effects (12)
Scrolls
 b - a scroll of blinking
 d - a scroll of remove curse
 f - 2 scrolls of enchant weapon {unknown}
 h - 2 scrolls of enchant armour {unknown}
 i - 3 scrolls of random uselessness {unknown}
 n - a scroll of fog {unknown}
 r - 3 scrolls of fear {unknown}
 t - 2 scrolls of teleportation {unknown}
 x - a scroll of identify
 A - 2 scrolls of magic mapping {unknown}
 E - a scroll of noise {unknown}
Potions
 e - a potion of agility {unknown}
 g - 2 potions of lignification
 j - a potion of resistance
 m - 3 potions of heal wounds {unknown}
 q - a potion of might
 C - a potion of brilliance {unknown}
 D - a potion of cancellation {unknown}
Comestibles
 c - 19 rations


   Skills:
 + Level 6.8 Fighting
 * Level 8.5 Maces & Flails
 - Level 1.7 Armour
 - Level 1.7 Dodging
 + Level 3.9 Shields


You had 7 spell levels left.
You didn't know any spells.
Your spell library was empty.

Dungeon Overview and Level Annotations

Branches:
Dungeon (7/15)             Temple (0/1) D:6

Altars:
Cheibriados
Gozag
Ru

Shops:
D:7 *


Innate Abilities, Weirdness & Mutations

You have hoof-like feet.
You are slightly more attuned to the shadows.


Message History

You are poisoned.
The killer bee poisons you!
An orc comes into view. It is wielding a -3 whip.
You block the killer bee's attack.
The orc priest invokes the aid of Beogh against you.
Beogh smites you!
* * * LOW HITPOINT WARNING * * *
Okay, then.
Okay, then.
It was a potion of curing.
You feel better.
The killer bee stings you but does no damage.
The killer bee stings you!
* * * LOW HITPOINT WARNING * * *
You are lethally poisoned!
The killer bee poisons you!
A killer bee comes into view.
You feel better. You block the killer bee's attack. x2
The orc priest mumbles some strange prayers to Beogh against you.
Beogh smites you!
You die... ### #oy

#y# #y# ######.#@#
##...##.#.#
########..#..#.#.#
.........###.#.#.#
####.###..#..#.#.#
#.# ##...##.#.#
####.#####..##.#.#
.......).).......#
.......)..########


You could see 3 killer bees and an orc priest.

Vanquished Creatures
  An orc warrior (D:6)
  2 black bears (D:6)
  A sky beast (D:5)
  An ogre (D:7)
  2 centaurs
  A scorpion (D:6)
  A wyvern skeleton (D:7)
  4 wights (D:7)
  2 howler monkeys
  2 jellies
  3 crimson imps
  A bullfrog zombie (D:5)
  An orc priest (D:7)
  Crazy Yiuf (D:3)
  2 bullfrog skeletons
  3 hounds
  5 orc wizards
  Jessica (D:3)
  An iguana (D:6)
  A worker ant (D:6)
  A hound zombie (D:5)
  2 hound skeletons (D:6)
  11 adders
  4 gnolls (D:5)
  3 oozes
  An adder skeleton (D:5)
  4 worms
  4 dart slugs
  2 leopard geckos (D:3)
  18 orcs
  2 ball pythons
  8 bats
  3 giant cockroaches
  13 goblins
  11 hobgoblins
  3 jackals (D:1)
  8 kobolds
  5 quokkas
  6 frilled lizards
  6 rats
  2 fungi (D:3)
153 creatures vanquished.

Notes
Turn   | Place    | Note
-------+----------+-------------------------------------------
     0 | D:1      | Laiders72 the Demonspawn Berserker began the quest for the
                  | Orb.
     0 | D:1      | Reached XP level 1. HP: 18/18 MP: 1/1
   112 | D:1      | Reached skill level 3 in Maces & Flails
   112 | D:1      | Gained mutation: You have large cloven feet. [demonic
                  | ancestry]
   112 | D:1      | Reached XP level 2. HP: 18/24 MP: 2/2
   494 | D:1      | Reached XP level 3. HP: 10/29 MP: 3/3
   800 | D:1      | Reached ** piety under Trog
   859 | D:1      | You fall into a shaft and drop 1 floor!
  1585 | D:2      | Reached skill level 4 in Maces & Flails
  1585 | D:2      | Gained mutation: You are slightly more attuned to the
                  | shadows. [demonic ancestry]
  1585 | D:2      | Reached XP level 4. HP: 37/37 MP: 4/4
  2018 | D:2      | Found an opulent altar of Gozag.
  2586 | D:3      | Gained mutation: You have hoof-like feet. [demonic
                  | ancestry]
  2586 | D:3      | Reached XP level 5. HP: 42/42 MP: 5/5
  2703 | D:3      | Noticed Jessica
  2717 | D:3      | Killed Jessica
  2732 | D:3      | Reached skill level 5 in Maces & Flails
  2796 | D:3      | Reached *** piety under Trog
  2962 | D:3      | Found a snail-covered altar of Cheibriados.
  3364 | D:3      | Found a faded altar of an unknown god.
  3474 | D:3      | Found a runed translucent door.
  3475 | D:3      | Noticed Crazy Yiuf
  3483 | D:3      | Killed Crazy Yiuf
  3587 | D:4      | Reached XP level 6. HP: 46/49 MP: 6/6
  4158 | D:5      | Entered Level 5 of the Dungeon
  4224 | D:5      | Reached skill level 5 in Fighting
  4224 | D:5      | Reached skill level 6 in Maces & Flails
  4307 | D:5      | Reached XP level 7. HP: 31/56 MP: 7/7
  4449 | D:5      | Got a shimmering lead ring
  4506 | D:5      | Identified the ring "Zyifros" {+Inv rN+ Str+2 Dex+3} (You
                  | found it on level 5 of the Dungeon)
  4547 | D:5      | Reached skill level 1 in Shields
  4804 | D:5      | Found a sacrificial altar of Ru.
  5311 | D:5      | Reached **** piety under Trog
  5456 | D:6      | Found a staircase to the Ecumenical Temple.
  5479 | D:6      | Reached skill level 7 in Maces & Flails
  5733 | D:6      | Reached XP level 8. HP: 29/64 MP: 8/8
  6074 | D:6      | Got a warped hunting sling
  6075 | D:6      | Identified the +11 hunting sling of Cetzior {freeze,
                  | *Contam +Fly Str-5 Int+9} (You found it on level 6 of the
                  | Dungeon)
  6635 | D:7      | Found Woppow's Assorted Antiques.
  6738 | D:7      | Reached skill level 8 in Maces & Flails
  6938 | D:7      | HP: 1/65 [orc priest/divine providence (14)]
  6940 | D:7      | Killed from afar by an orc priest

Levels and vault maps discovered:
D:1:      erik_arrival_gehennom, layout_rooms
D:2:      layout_basic, marbit_many_paths
D:3:      layout_rooms, chequers_ecumenical_altar_lobes, first_ration,
          minivault_26, cheibriados_altar_1, uniq_crazy_yiuf_cottage,
          uniq_jessica
D:4:      layout_loops_ring, minmay_goblin_kobold_house
D:5:      layout_basic, basic_altar, roderic_roman_lattice, minmay_statues_item
D:6:      layout_rooms, minmay_temple_entry_offerings
D:7:      layout_loops_ring, serial_shops, nicolae_shop_stone, uniq_menkaure

Skill      XL: |  1  2  3  4  5  6  7  8 |
---------------+-------------------------+-----
Maces & Flails | 3 4 5 6 7 8 |  8.5
Fighting       | 4 5 6 |  6.8
Shields        | 2 3 |  3.9
Armour         | |  1.7
Dodging        | |  1.7

Action                   |  1- 3 |  4- 6 |  7- 9 || total
-------------------------+-------+-------+-------++-------
Melee: Mace              |    82 |   200 |       ||   282
       Kick              |    18 |    56 |    58 ||   132
       Flail             |       |       |   111 ||   111
       Morningstar       |       |       |    46 ||    46
Throw: Boomerang         |       |     2 |       ||     2
       Dart              |       |     1 |     1 ||     2
       Javelin           |       |       |     7 ||     7
Invok: Berserk           |     1 |     4 |     4 ||     9
       Trog's Hand       |     1 |     1 |       ||     2
  Use: Scroll            |     2 |     6 |     2 ||    10
       Potion            |       |     1 |     2 ||     3
  Eat: Chunk             |     2 |    14 |     6 ||    22
       Ration            |       |       |     2 ||     2
Armor: Animal skin       |    22 |       |       ||    22
       Scale mail        |     4 |    96 |    63 ||   163
Dodge: Dodged            |    85 |   124 |    43 ||   252
Block: Shield            |       |    14 |   107 ||   121

Table legend:
 A = Non-vault XP
 B = Vault XP
 C = Vault XP percentage of total XP
 D = Non-vault monster count
 E = Vault monster count
 F = Vault count percentage of total count
                 A         B        C        D         E       F
            +---------+---------+-------+---------+---------+-------
      Total |    2583 |     111 |   4.1 |     137 |      14 |   9.3
            +---------+---------+-------+---------+---------+-------
        D:1 |      36 |      19 |  34.5 |      19 |       5 |  20.8
        D:2 |      80 |       4 |   4.8 |      22 |       1 |   4.3
        D:3 |     146 |      79 |  35.1 |      32 |       2 |   5.9
        D:4 |     235 |       9 |   3.7 |      12 |       6 |  33.3
        D:5 |     517 |       0 |   0.0 |      20 |       0 |   0.0
        D:6 |     895 |       0 |   0.0 |      18 |       0 |   0.0
        D:7 |     674 |       0 |   0.0 |      14 |       0 |   0.0
            +---------+---------+-------+---------+---------+-------
